 Dungeon Crawl Stone Soup version 0.20-a0-433-g9e36e56 (webtiles) character file.

123 Kriby the Magician (level 4, -2/30 HPs)
             Began as a Mummy Fire Elementalist on Jan 4, 2017.
             Slain by Gottschkopf's ghost (4 damage)
             ... on level 3 of the Dungeon.
             The game lasted 00:03:24 (3014 turns).

Kriby the Magician (Mummy Fire Elementalist)        Turns: 3014, Time: 00:03:25

Health: -2/30      AC:  3    Str: 11    XL:     4   Next: 79%
Magic:  3/9        EV: 12    Int: 15    God:
Gold:   140        SH:  0    Dex: 12    Spells: 6/10 levels left

rFire  x . .     SeeInvis .     d - +0 mace
rCold  + . .     Gourm    .     a - +0 robe
rNeg   + + +     Faith    .     (no shield)
rPois  ∞         Spirit   .     f - +0 helmet
rElec  .         Reflect  .     (no cloak)
rCorr  .         Harm     .     (no gloves)
MR     .....                    (no boots)
Stlth  ++........               (no amulet)
                                (no ring)
                                (no ring)

@: no status effects
A: no food or potions, fire vulnerability, cold resistance 1, negative energy
resistance 3, torment resistance, unbreathing
a: no special abilities


You were on level 3 of the Dungeon.
You were not hungry.

You visited 1 branch of the dungeon, and saw 4 of its levels.

You collected 140 gold pieces.

Inventory:

Hand Weapons
 d - a +0 mace (weapon)
Missiles
 e - 3 tomahawks (quivered)
Armour
 a - a +0 robe (worn)
 f - a +0 helmet (worn)
Scrolls
 c - 5 scrolls of identify {unknown}
 g - 7 scrolls of random uselessness {unknown}
 h - a scroll of teleportation {unknown}
 i - a scroll of blinking {unknown}
 j - a scroll of fear {unknown}
Books
 b - a book of Flames

   Spells                             Type                      Level
   a - Flame Tongue                   Conjuration/Fire             1
   b - Throw Flame                    Conjuration/Fire             2
   c - Conjure Flame                  Conjuration/Fire             3
   d - Inner Flame                    Hexes/Fire                   3
   e - Sticky Flame                   Conjuration/Fire             4
   f - Fireball                       Conjuration/Fire             5


   Skills:
 - Level 1.5 Dodging
 - Level 1.5 Stealth
 + Level 3.6 Spellcasting
 * Level 2.6 Conjurations
 + Level 3.3 Fire Magic


You had 6 spell levels left.
You knew the following spells:

 Your Spells              Type           Power        Failure   Level  Hunger
a - Flame Tongue          Conj/Fire      ##...        8%          1    N/A
b - Conjure Flame         Conj/Fire      ##......     21%         3    N/A

Dungeon Overview and Level Annotations

Branches:
Dungeon (4/15)
 Temple: D:4-7

Altars:

Annotations:
D:3 Gottschkopf's ghost, amateur DrTm
D:4 Robin


Innate Abilities, Weirdness & Mutations

You do not eat or drink.
Your flesh is vulnerable to fire.
You are immune to poison.
Your flesh is cold resistant. (rC+)
You are immune to negative energy. (rN+++)
You are immune to unholy pain and torment.
You can survive without breathing.


Message History

The goblin closely misses you.
Robin of the Strong Arm comes into view.
She is wielding a falchion.
Robin roars a battlecry!
There is a stone staircase leading up here.
Robin says, "A pitiful Mummy like you will never find the ORB!"
Robin throws the goblin at you! The goblin hits you.
* * * LOW HITPOINT WARNING * * *
You climb upwards.
Level annotation: Gottschkopf's ghost, amateur DrTm Gottschkopf's ghost hits you but does no damage.
There is a stone staircase leading down here.
The kobold shoots a poisoned needle.
The poisoned needle hits you!
You see here a poisoned needle.
Gottschkopf's ghost says, "Very impressive.
But it won't help.
Nothing will."
Gottschkopf's ghost hits you.
* * * LOW HITPOINT WARNING * * *
Gottschkopf's ghost sneers, "Only the weak need weapons."
There is a stone staircase leading up here.
Gottschkopf's ghost hits you.
You die...

#......<.....#
#.#.........
#.#########..###
#..[######..
#....# ##..# ###.
##.#.# #..# ##...
#.#.# #K.# #....
#.#.# #..# #.†##
#.#.# #(># #..#
#.#.## #..####..##
#@W.g###..........
#..#.K.......)..##
#....###........#
#...........>...#
#################


You could see Gottschkopf's ghost, a goblin and a kobold.

Vanquished Creatures
  A worker ant (D:4)
  3 adders
  An ooze (D:2)
  A worm (D:3)
  2 dart slugs (D:1)
  2 leopard geckos (D:2)
  2 orcs
  4 bats
  3 giant cockroaches
  3 goblins
  10 hobgoblins
  3 jackals (D:4)
  8 kobolds
  2 ball pythons
  4 frilled lizards
  9 rats
58 creatures vanquished.

Notes
Turn   | Place    | Note
-------+----------+-------------------------------------------
     0 | D:1      | Kriby the Mummy Fire Elementalist began the quest for the Orb.
     0 | D:1      | Reached XP level 1. HP: 13/13 MP: 4/4
   137 | D:1      | Reached skill level 1 in Conjurations
   478 | D:1      | Reached XP level 2. HP: 10/19 MP: 1/5
  1307 | D:2      | Reached XP level 3. HP: 24/24 MP: 4/7
  1377 | D:2      | Learned a level 3 spell: Conjure Flame
  2285 | D:3      | Noticed Gottschkopf's ghost (amateur DrTm)
  2516 | D:3      | Reached XP level 4. HP: 25/30 MP: 7/9
  2995 | D:4      | Noticed Robin
  3007 | D:3      | HP: 1/30 [Gottschkopf's ghost (5)]
  3014 | D:3      | Slain by Gottschkopf's ghost

Vault maps used:
D:1:      onia_arrival_mini_spirals
D:3:      tgw_trog
D:4:      marbit_many_paths, serial_shops, kennysheep_little_box,
          hangedman_ru_absence, uniq_robin, uniq_menkaure

Skill      XL: |  1  2  3 |
---------------+----------+-----
Conjurations   | 1 2 |  2.6
Spellcasting   | 3 |  3.6
Fire Magic     | 3 |  3.3
Dodging        | |  1.5
Stealth        | |  1.5

Action                   |  1- 3 |  4- 6 || total
-------------------------+-------+-------++-------
Melee: Mace              |    16 |       ||    16
 Cast: Flame Tongue      |    75 |    33 ||   108
       Conjure Flame     |     1 |     1 ||     2
  Use: Scroll            |     1 |       ||     1
Armor: Robe              |    10 |     3 ||    13
Dodge: Dodged            |    34 |    21 ||    55
